 Dungeon Crawl Stone Soup version 0.31-a0-164-g2312942fda (webtiles) character file.

Game seed: 7470771467091644449

417 olmar the Grasshopper (level 6, -3/76 HPs)
             Began as a Gnoll Warper on June 13, 2023.
             Was a Follower of the Shining One.
             Slain by an orc
             ... wielding a +0 flail
              (4 damage)
             ... on level 3 of the Dungeon.
             The game lasted 00:04:36 (2845 turns).

olmar the Grasshopper (Gnoll Warper)                Turns: 2845, Time: 00:04:36

Health: -3/76      AC:  4    Str: 10 (13) XL:     6   Next: 92%
Magic:  14/14      EV: 12    Int:  9 (12) God:    the Shining One [*.....]
Gold:   93         SH:  0    Dex:  8 (11) Spells: 14/16 levels left

rFire   . . .        a - +0 mace
rCold   . . .        (no shield)
rNeg    . . .        b - +0 leather armour
rPois   .            (no helmet)
rElec   .            (no cloak)
rCorr   .            m - +0 pair of gloves
SInv    .            (no boots)
Will    .....        (no amulet) Stlth
                     (no ring)
HPRegen 0.32/turn    (no ring)
MPRegen 0.14/turn

%: no passive effects
@: berserking, glowing, very quick
A: fangs 1, strong nose, distributed training
a: Renounce Religion, Divine Shield


You were on level 3 of the Dungeon.
You worshipped the Shining One.
The Shining One was aware of your devotion.
You visited 1 branch of the dungeon, and saw 3 of its levels.

You collected 93 gold pieces.

Inventory:

Hand Weapons
 a - a +0 mace (weapon)
Missiles
 d - 7 boomerangs of dispersal
Armour
 b - a +0 leather armour (worn)
 m - a +0 pair of gloves (worn)
Wands
 h - a wand of light (1)
Scrolls
 c - a scroll of blinking
 e - a scroll of fog {unknown}
 f - 2 scrolls of fear
 i - 2 scrolls of identify {unknown}
Potions
 l - a potion of mutation {unknown}


   Skills:
 + Level 5.1 Fighting
 + Level 2.2 Short Blades
 + Level 2.2 Long Blades
 + Level 2.2 Axes
 + Level 5.1 Maces & Flails
 + Level 2.2 Polearms
 + Level 2.2 Staves
 + Level 2.2 Ranged Weapons
 + Level 3.4 Throwing
 + Level 3.4 Armour
 + Level 5.1 Dodging
 + Level 2.2 Stealth
 + Level 2.2 Shields
 + Level 2.2 Unarmed Combat
 + Level 5.5 Spellcasting
 + Level 1.8 Conjurations
 + Level 1.8 Hexes
 + Level 1.8 Summonings
 + Level 1.8 Necromancy
 + Level 5.7 Translocations
 + Level 1.8 Transmutations
 + Level 1.8 Fire Magic
 + Level 1.8 Ice Magic
 + Level 1.8 Air Magic
 + Level 1.8 Earth Magic
 + Level 1.8 Poison Magic
 + Level 2.5 Invocations
 + Level 2.2 Evocations


You had 14 spell levels left.
You knew the following spells:

 Your Spells              Type           Power      Damage    Failure   Level
a - Blink                 Tloc           24%        N/A       4%          2

Your spell library contained the following spells:

 Spells                   Type           Power      Damage    Failure   Level
 Apportation              Tloc           24%        N/A       3%          1
 Lesser Beckoning         Tloc           24%        N/A       4%          2
 Teleport Other           Tloc           12%        N/A       9%          3
 Vhi's Electric Charge    Tloc/Air       18%        N/A       19%         3
 Manifold Assault         Tloc           12%        N/A       28%         4
 Alistair's Intoxication  Tmut/Pois      3%         N/A       99%         5


Dungeon Overview and Level Annotations

Branches:
Dungeon (3/15)

Altars:
Gozag
The Shining One

Shops:
D:2 [

Annotations:
D:3 1 runed translucent door, Crazy Yiuf


Innate Abilities, Weirdness & Mutations

You have very sharp teeth.
Your uncanny sense of smell can sniff out nearby items.
Your experience applies equally to all skills.


Message History

Press: ? - help, Q - select action, (/) - cycle Shift-Dir - straight line, f/p - adder
Aim: an adder (haloed, 59% to hit)
You throw a poisoned dart.
The poisoned dart closely misses the adder.
The poisoned dart hits the orc!
The orc is poisoned.
The adder attacks as you move away! The adder bites you.
* * * LOW HITPOINT WARNING * * *
It was a potion of degeneration.
There was something very wrong with that liquid.
You feel weakened.
You feel dopey.
You feel clumsy. The adder closely misses you.
Unknown command.
It was a potion of berserk rage.
A red film seems to cover your vision as you go berserk!
You feel yourself moving faster!
You feel mighty!
You feel a bit more experienced. The adder closely misses you.
You barely miss the adder. The adder bites you but does no damage.
You sock the adder!
You kill the adder!
The orc barely misses you.
The orc wizard hits you with a +0 dagger.
* * * LOW HITPOINT WARNING * * *
You barely miss the orc wizard. The orc misses you.
The orc wizard hits you with a +0 dagger.
* * * LOW HITPOINT WARNING * * *
Unknown command.
You closely miss the orc wizard.
The orc hits you with a +1 hand axe of flaming.
* * * LOW HITPOINT WARNING * * *
The orc burns you.
* * * LOW HITPOINT WARNING * * *
The orc wizard hits you with a +0 dagger.
* * * LOW HITPOINT WARNING * * *
You closely miss the orc wizard.
The orc hits you with a +1 hand axe of flaming.
* * * LOW HITPOINT WARNING * * *
The orc burns you.
* * * LOW HITPOINT WARNING * * *
The orc hits you with a +0 flail.
You die...

# ######### ##....# #.#
####.......# #.....# #.#
.....###.#.# #...^.# #.#
####.###.#.#
#.....#######.# #.......#
###.####......#
#####.#####...####.######
#...........##.#
#.##.#..#o#.##.#
#.##.#..#@#∆##.#
######....#..oo#.##.#
#.>.....#.#..#...)..#
###.####..#.#...(..####
.......#..........##
###.##.##.#####...#
#.##.##.# #...# #
#.......# #...# #####..
##...#### #.).# .......


You could see an orc wizard (invisible) and 2 orcs.

Vanquished Creatures
  Grinder (D:3)
  An iguana (D:3)
  An orc wizard (D:3)
  Ijyb (D:3)
  Terence (D:3)
  5 adders
  2 dart slugs (D:1)
  An orc (D:3)
  7 endoplasms
  2 giant cockroaches (D:2)
  5 hobgoblins
  4 jackals (D:2)
  7 kobolds
  3 quokkas
  6 ball pythons
  8 bats
  A frilled lizard (D:1)
  7 goblins
  3 rats
66 creatures vanquished.

Notes
Turn   | Place    | Note
-------+----------+-------------------------------------------
     0 | D:1      | olmar the Gnoll Warper began the quest for the Orb.
     0 | D:1      | Reached XP level 1. HP: 20/20 MP: 6/6
   122 | D:1      | Found a faded altar of an unknown god.
   126 | D:1      | Prayed at the altar of an unknown god.
   126 | D:1      | Became a worshipper of the Shining One
   126 | D:1      | Reached * piety under the Shining One
   133 | D:1      | Reached XP level 2. HP: 26/26 MP: 7/7
   644 | D:1      | Reached skill level 5 in Spellcasting
   644 | D:1      | Reached XP level 3. HP: 31/31 MP: 7/9
   952 | D:2      | Reached skill level 1 in Invocations
  1133 | D:2      | Reached skill level 1 in Short Blades
  1133 | D:2      | Reached skill level 1 in Long Blades
  1133 | D:2      | Reached skill level 1 in Axes
  1133 | D:2      | Reached skill level 1 in Polearms
  1133 | D:2      | Reached skill level 1 in Staves
  1133 | D:2      | Reached skill level 1 in Ranged Weapons
  1133 | D:2      | Reached skill level 1 in Stealth
  1133 | D:2      | Reached skill level 1 in Shields
  1133 | D:2      | Reached skill level 1 in Unarmed Combat
  1133 | D:2      | Reached skill level 1 in Evocations
  1313 | D:2      | Reached XP level 4. HP: 38/38 MP: 11/11
  1421 | D:2      | Reached skill level 1 in Conjurations
  1421 | D:2      | Reached skill level 1 in Hexes
  1421 | D:2      | Reached skill level 1 in Summonings
  1421 | D:2      | Reached skill level 1 in Necromancy
  1421 | D:2      | Reached skill level 1 in Transmutations
  1421 | D:2      | Reached skill level 1 in Fire Magic
  1421 | D:2      | Reached skill level 1 in Ice Magic
  1421 | D:2      | Reached skill level 1 in Air Magic
  1421 | D:2      | Reached skill level 1 in Earth Magic
  1421 | D:2      | Reached skill level 1 in Poison Magic
  1697 | D:2      | Found Eqiudd's Armour Emporium.
  1738 | D:2      | Found an opulent altar of Gozag.
  1915 | D:3      | Noticed Terence
  1935 | D:3      | Killed Terence
  2022 | D:3      | Learned a level 2 spell: Blink
  2036 | D:3      | Reached XP level 5. HP: 43/43 MP: 12/12
  2141 | D:3      | Noticed Grinder
  2154 | D:3      | Paralysed by Grinder for 4 turns
  2173 | D:3      | Paralysed by Grinder for 3 turns
  2177 | D:3      | Killed Grinder
  2178 | D:3      | Reached skill level 5 in Fighting
  2178 | D:3      | Reached skill level 5 in Maces & Flails
  2178 | D:3      | Reached skill level 5 in Dodging
  2178 | D:3      | Reached XP level 6. HP: 7/51 MP: 14/14
  2375 | D:3      | Noticed Ijyb
  2386 | D:3      | HP: 1/51 [Ijyb/bolt of light (15)]
  2388 | D:3      | Killed Ijyb
  2752 | D:3      | Identified the +10 hammer "Istrah" {drain, rElec rC+ rN+
                  | Will-}
  2755 | D:3      | Found a runed translucent door.
  2756 | D:3      | Noticed Crazy Yiuf
  2844 | D:3      | HP: 2/76 [orc wizard/+0 dagger (2)]
  2845 | D:3      | Slain by an orc

Illustrated notes

Levels and vault maps discovered:
D:1:      dpeg_arrival_pits, layout_basic,
          hellmonk_ecumenical_altar_arch_garden, st_stairs_3
D:2:      layout_loops_ring, basic_altar, serial_shops, nicolae_shop_peninsula,
          grunt_ministairs_8
D:3:      layout_loops_cross, uniq_jessica, uniq_grinder,
          uniq_crazy_yiuf_cottage, uniq_terence, uniq_ijyb

Skill      XL: |  1  2  3  4  5 |
---------------+----------------+-----
Spellcasting   | 5 |  5.5
Invocations    | 1 2 |  2.5
Short Blades   | 1 2 |  2.2
Long Blades    | 1 2 |  2.2
Axes           | 1 2 |  2.2
Polearms       | 1 2 |  2.2
Staves         | 1 2 |  2.2
Ranged Weapons | 1 2 |  2.2
Stealth        | 1 2 |  2.2
Shields        | 1 2 |  2.2
Unarmed Combat | 1 2 |  2.2
Evocations     | 1 2 |  2.2
Conjurations   | 1 |  1.8
Hexes          | 1 |  1.8
Summonings     | 1 |  1.8
Necromancy     | 1 |  1.8
Transmutations | 1 |  1.8
Fire Magic     | 1 |  1.8
Ice Magic      | 1 |  1.8
Air Magic      | 1 |  1.8
Earth Magic    | 1 |  1.8
Poison Magic   | 1 |  1.8
Throwing       | 3 |  3.4
Armour         | 3 |  3.4
Fighting       | 5 |  5.1
Maces & Flails | 5 |  5.1
Dodging        | 5 |  5.1
Translocations | |  5.7

Action                     |  1- 3 |  4- 6 || total
---------------------------+-------+-------++-------
  Melee: Mace              |   116 |   127 ||   243
         Bite              |    14 |    15 ||    29
         Punch             |       |     5 ||     5
  Throw: Dart              |       |     5 ||     5
   Cast: Blink             |       |     1 ||     1
 Invoke: Divine Shield     |       |     2 ||     2
    Use: Scroll            |       |     1 ||     1
         Potion            |       |     6 ||     6
 Armour: Leather armour    |    29 |    35 ||    64
  Dodge: Dodged            |    77 |    87 ||   164
  Block: Other             |       |     6 ||     6

Table legend: (Time is in decaauts)
 A = Elapsed time spent in this place.
 B = Non-inter-level travel time spent in this place.
 C = Inter-level travel time spent in this place.
 D = Time resting spent in this place.
 E = Time spent auto-exploring this place.
 F = Levels seen in this place.
 G = Mean time per level.
                   A        B        C        D        E       F      G
               +--------+--------+--------+--------+--------+-----+--------+
         Total |   2882 |   2799 |     83 |    589 |   1661 |   3 |  960.7 |
       Dungeon |   2882 |   2799 |     83 |    589 |   1661 |   3 |  960.7 |
               +--------+--------+--------+--------+--------+-----+--------+

Top non-repeatable levels by time:
     D:1: 1050 daAuts
     D:3: 990 daAuts
     D:2: 841 daAuts
